 Dungeon Sprint DCSS version 0.20-a0-555-gf6ae02d (webtiles) character file.

3044 Gingerlord the Fighter (level 9, -5/79 HPs)
             Began as a Barachian Fighter on Feb 4, 2017.
             Was an Elder of Makhleb.
             Slain by a spiny frog (19 damage)
             ... in the Dungeon (Sprint IX: "|||||||||||||||||||||||||||||").
             The game lasted 00:03:22 (680 turns).

Gingerlord the Fighter (Barachian Fighter)           Turns: 680, Time: 00:03:23

Health: -5/79      AC: 12    Str: 18    XL:     9   Next: 86%
Magic:  15/15      EV: 15    Int:  6    God:    Makhleb [****..]
Gold:   13         SH: 12    Dex: 16    Spells: 8/8 levels left

rFire    . . .     SeeInvis .   a - +0 long sword
rCold    . . .     Gourm    .   r - +1 scale mail
rNeg     . . .     Faith    .   c - +0 shield
rPois    .         Spirit   .   (no helmet)
rElec    .         Reflect  .   (no cloak)
rCorr    .         Harm     .   q - +0 pair of gloves
MR       .....     NoTele   +   p - +0 pair of boots
Stlth    ..........             (no amulet)
Regen    0.3/turn               t - +3 ring of dexterity
                                s - +3 ring of dexterity

@: very slightly contaminated, invisible, slow
A: swims, slowness 1, strong legs 1
a: Hop, Minor Destruction, Lesser Servant of Makhleb, Major Destruction,
Renounce Religion


You were in the Dungeon.
You worshipped Makhleb.
Makhleb was greatly pleased with you.
You were not hungry.

You visited 1 branch You collected 13 gold pieces.

Inventory:

Hand Weapons
 a - a +0 long sword (weapon)
 o - a +2 scimitar of holy wrath
Armour
 c - a +0 shield (worn)
 p - a +0 pair of boots (worn)
 q - a +0 pair of gloves (worn)
 r - a +1 scale mail (worn)
Jewellery
 s - a +3 ring of dexterity (left hand)
 t - a +3 ring of dexterity (right hand)
Wands
 n - a wand of iceblast (2/15)
Scrolls
 k - 2 scrolls of blinking
 l - 5 scrolls of remove curse
 m - 2 scrolls of amnesia
 v - 2 scrolls of enchant armour
Potions
 b - a potion of berserk rage
 e - 7 potions of curing
 h - a potion of haste
 i - 4 potions of magic
 j - a potion of resistance
 u - a potion of brilliance
Comestibles
 f - a bread ration


   Skills:
 + Level 10.7 Fighting
 + Level 10.4 Long Blades
 + Level 10.7 Armour
 + Level 9.3 Dodging
 + Level 9.9 Shields
 + Level 8.8 Invocations


You had 8 spell levels left.
You didn't know any spells.

Dungeon Overview and Level Annotations

Branches:
Dungeon (1/1)

Altars:
Cheibriados
Dithmenos
Elyvilon
Fedhas
Gozag
Hepliaklqana
Kikubaaqudgha
Makhleb
Nemelex Xobeh
Okawaru
Qazlal
Ru
Sif Muna
Trog
Uskayaw
Vehumet
Xom
Yredelemnul
Zin
The Shining One
Beogh
Jiyva
Lugonu


Innate Abilities, Weirdness & Mutations

You can swim through water.
You cover ground slowly.
You can hop short distances.


Message History

You strike the helpless spiny frog from behind!
You hit the spiny frog but do no damage.
The spiny frog is heavily wounded.
You hit the spiny frog.
The spiny frog is heavily wounded.
You block the spiny frog's attack.
You hit the spiny frog.
The spiny frog is severely wounded.
You block the spiny frog's attack.
You closely miss the spiny frog.
The spiny frog is severely wounded.
The spiny frog completely misses you.
You barely miss the spiny frog.
The spiny frog is severely wounded.
The spiny frog barely misses you.
You riposte.
You hit the spiny frog.
The spiny frog is severely wounded.
You slash the spiny frog!
The spiny frog is almost dead.
The spiny frog stings you!!
You die...

▓▓▓▓▓▓▓▓▓▓▓▓▓▓▓▓▓▓▓▓▓▓
____'.....'†....)...<▓
▓▓▓▓▓▓▓▓▓▓▓▓▓▓▓▓▓▓▓▓▓▓
.....................▓
▓▓▓▓▓▓▓▓▓▓▓▓▓▓▓▓▓▓▓▓.▓
.S....|).†...SSF@....▓
▓▓▓▓▓▓▓▓▓▓▓▓▓▓▓▓▓▓▓▓▓▓


You could see a black mamba, a spiny frog and a water moccasin.

Vanquished Creatures
  A centaur warrior (D)
  A two-headed ogre (D)
  An unseen horror (D)
  A meliai (D)
  A blink frog (D)
  A hippogriff (D)
  A soldier ant (shapeshifter) (D)
  A water moccasin (D)
  A porcupine (D)
  A phantom (D)
  2 crocodiles (D)
  A bullfrog (D)
  A crimson imp (D)
  A worker ant (D)
  2 adders (D)
  A shadow imp (D)
  2 orcs (D)
  A ball python (D)
  A bat zombie (D)
  A goblin (D)
  2 hobgoblins (D)
  A bat (D)
  A frilled lizard (D)
  A jackal zombie (D)
28 creatures vanquished.

Notes
Turn   | Place    | Note
-------+----------+-------------------------------------------
     0 | D        | Gingerlord the Barachian Fighter began the quest for the Orb.
     0 | D        | Reached XP level 1. HP: 18/18 MP: 1/1
    10 | D        | Reached skill level 1 in Dodging
   127 | D        | Noticed a phantom
   127 | D        | Noticed a crimson imp
   137 | D        | Killed a phantom
   137 | D        | Reached skill level 5 in Fighting
   137 | D        | Reached skill level 5 in Armour
   137 | D        | Reached XP level 2. HP: 17/27 MP: 2/2
   137 | D        | Reached XP level 3. HP: 21/33 MP: 3/3
   137 | D        | Reached XP level 4. HP: 25/39 MP: 4/4
   142 | D        | Reached skill level 5 in Long Blades
   142 | D        | Reached skill level 5 in Shields
   142 | D        | Reached XP level 5. HP: 30/46 MP: 5/5
   250 | D        | Found a roughly hewn altar of Beogh.
   250 | D        | Found a snail-covered altar of Cheibriados.
   250 | D        | Found a shadowy altar of Dithmenos.
   250 | D        | Found a white marble altar of Elyvilon.
   250 | D        | Found a blossoming altar of Fedhas.
   250 | D        | Found an opulent altar of Gozag.
   251 | D        | Found a hazy altar of Hepliaklqana.
   252 | D        | Found a viscous altar of Jiyva.
   253 | D        | Found an ancient bone altar of Kikubaaqudgha.
   254 | D        | Found a corrupted altar of Lugonu.
   255 | D        | Found a burning altar of Makhleb.
   256 | D        | Found a sparkling altar of Nemelex Xobeh.
   257 | D        | Found an iron altar of Okawaru.
   258 | D        | Found a stormy altar of Qazlal.
   259 | D        | Found a sacrificial altar of Ru.
   260 | D        | Found a deep blue altar of Sif Muna.
   261 | D        | Found a bloodstained altar of Trog.
   262 | D        | Found a hide-covered altar of Uskayaw.
   263 | D        | Became a worshipper of Makhleb the Destroyer
   264 | D        | Found a radiant altar of Vehumet.
   265 | D        | Found a shimmering altar of Xom.
   266 | D        | Found a basalt altar of Yredelemnul.
   267 | D        | Found a glowing silver altar of Zin.
   268 | D        | Found a glowing golden altar of the Shining One.
   320 | D        | Noticed a two-headed ogre
   330 | D        | Killed a two-headed ogre
   330 | D        | Reached skill level 5 in Invocations
   330 | D        | Reached XP level 6. HP: 44/57 MP: 5/10
   330 | D        | Reached XP level 7. HP: 48/63 MP: 5/11
   330 | D        | Killed an unseen horror
   330 | D        | Reached * piety under Makhleb
   330 | D        | Reached XP level 8. HP: 54/71 MP: 5/13
   343 | D        | Reached ** piety under Makhleb
   427 | D        | Noticed a centaur warrior
   427 | D        | Noticed a meliai
   427 | D        | Noticed a hippogriff
   438 | D        | Killed a hippogriff
   442 | D        | Killed a meliai
   442 | D        | Reached XP level 9. HP: 78/78 MP: 14/14
   450 | D        | Killed a centaur warrior
   450 | D        | Reached *** piety under Makhleb
   450 | D        | Reached skill level 10 in Fighting
   450 | D        | Reached skill level 10 in Long Blades
   450 | D        | Reached skill level 10 in Armour
   596 | D        | Noticed a spiny frog
   600 | D        | Noticed a black mamba
   632 | D        | Reached **** piety under Makhleb
   680 | D        | Slain by a spiny frog

Vault maps used:
D:        linesprint

Skill      XL: |  1  2  3  4  5  6  7  8  9 |
---------------+----------------------------+-----
Dodging        | 3 4 7 8 9 |  9.3
Fighting       | 5 8 9 10 | 10.7
Long Blades    | 4 5 8 9 10 | 10.4
Armour         | 5 8 9 10 | 10.7
Shields        | 4 5 7 8 9 |  9.9
Invocations    | 5 6 7 8 |  8.8

Action                   |  1- 3 |  4- 6 |  7- 9 || total
-------------------------+-------+-------+-------++-------
Melee: Long sword        |    21 |    12 |   112 ||   145
Evoke: Wand              |       |     4 |     1 ||     5
  Use: Potion            |     1 |       |     5 ||     6
       Scroll            |       |     1 |     1 ||     2
 Stab: Invisible         |       |       |     2 ||     2
Armor: Scale mail        |     8 |     6 |    21 ||    35
Dodge: Dodged            |     8 |     3 |    49 ||    60
Block: Shield            |    10 |     4 |    58 ||    72
       Rpst.: Long sword |     6 |     1 |    16 ||    23
